Map: King's Cove LE

Players

Throwfordays

  • Race: Protoss Protoss
  • League: Silver
  • Spawn Location: 5:00

VOD

Have the link to the VOD?

Description

Time

  • Played on: April 3, 2019, 2:40 p.m.
  • Length: 16:07
Show
View Real Time Build Order
Export as new Build Order

Throwfordays Protoss 

Build Orders:  

Get SALT Encoding   

  12  0:03  Probe (Chrono Boost)  
  14  0:20  Probe (Chrono Boost)  
  14  0:28  Pylon  
  14  0:37  Probe (Chrono Boost)  
  15  0:50  Probe (Chrono Boost)  
  16  1:02  Probe (Chrono Boost)  
  16  1:04  Gateway  
  17  1:20  Gateway  
  17  1:29  Assimilator  
  17  1:34  Probe (Chrono Boost)  
  18  1:48  Forge  
  18  1:57  Probe (Chrono Boost)  
  19  2:14  Probe (Chrono Boost)  
  20  2:20  Cybernetics Core  
  20  2:55  Nexus  
  20  3:10  Photon Cannon  
  20  3:25  Assimilator  
  20  3:29  Probe (Chrono Boost)  
  21  3:46  Probe (Chrono Boost)  
  22  3:55  Pylon  
  22  4:03  Pylon, Probe (Chrono Boost)  
  22  4:04  Warp Gate  
  23  4:10  Photon Cannon  
  23  4:26  Probe (Chrono Boost)  
  24  4:34  Probe (Chrono Boost)  
  24  4:37  Probe (Chrono Boost)  
  25  4:45  Probe (Chrono Boost)  
  25  4:49  Probe (Chrono Boost)  
  27  4:59  Probe (Chrono Boost)  
  28  5:06  Probe (Chrono Boost)  
  30  5:16  Probe (Chrono Boost)  
  31  5:23  Probe (Chrono Boost)  
  32  5:33  Probe (Chrono Boost)  
  32  5:35  Pylon  
  34  5:40  Probe (Chrono Boost)  
  34  5:43  Photon Cannon  
  35  5:50  Probe (Chrono Boost)  
  35  5:51  Photon Cannon  
  35  5:57  Probe (Chrono Boost)  
  35  5:58  Photon Cannon  
  36  6:07  Probe (Chrono Boost)  
  37  6:10  Gateway  
  37  6:14  Probe (Chrono Boost)  
  38  6:20  Assimilator  
  38  6:23  Assimilator, Probe (Chrono Boost)  
  38  6:28  Gateway  
  39  6:39  Pylon  
  39  6:42  Sentry  
  39  6:43  Sentry  
  39  6:49  Protoss Ground Weapons Level 1  
  43  6:56  Probe (Chrono Boost)  
  43  6:59  Probe (Chrono Boost)  
  45  7:08  Gateway  
  45  7:11  Gateway  
  45  7:13  Probe (Chrono Boost)  
  45  7:15  Probe (Chrono Boost)  
  45  7:17  Gateway  
  47  7:24  Pylon  
  47  7:28  Photon Cannon  
  48  7:30  Probe (Chrono Boost)  
  48  7:32  Probe (Chrono Boost)  
  48  7:35  Photon Cannon  
  49  7:42  Photon Cannon  
  49  7:51  Photon Cannon  
  49  8:01  Stalker  
  49  8:02  Stalker  
  49  8:07  Stalker  
  55  8:13  Stalker  
  57  8:37  Nexus  
  57  9:10  Twilight Council  
  57  9:15  Stargate  
  57  9:16  Stargate  
  57  9:18  Stargate  
  57  9:21  Stargate  
  58  9:30  Probe (Chrono Boost)  
  58  9:35  Probe (Chrono Boost)  
  58  9:38  Assimilator  
  59  9:41  Assimilator  
  59  9:47  Probe (Chrono Boost)  
  60  9:52  Probe (Chrono Boost)  
  61  10:04  Probe (Chrono Boost)  
  61  10:09  Probe (Chrono Boost)  
  64  10:20  Probe (Chrono Boost)  
  64  10:21  Probe (Chrono Boost)  
  64  10:26  Probe (Chrono Boost)  
  66  10:32  Probe (Chrono Boost)  
  66  10:33  Pylon  
  66  10:38  Probe (Chrono Boost)  
  68  10:43  Probe (Chrono Boost)  
  68  10:45  Probe (Chrono Boost)  
  70  11:02  Pylon, Probe (Chrono Boost)  
  70  11:06  Pylon  
  71  11:12  Pylon  
  71  11:19  Probe (Chrono Boost)  
  72  11:20  Pylon  
  72  11:25  Pylon  
  72  11:27  Pylon  
  72  11:29  Stalker  
  74  11:30  Stalker x2  
  74  11:31  Pylon  
  74  11:32  Stalker  
  74  11:33  Stalker x2  
  74  11:34  Stalker  
  74  11:35  Pylon  
  86  11:57  Probe (Chrono Boost)  
  69  12:23  Stalker x4  
  69  12:24  Stalker x3  
  67  12:47  Void Ray x2  
  67  12:48  Void Ray x2  
  77  12:57  Photon Cannon  
  77  12:58  Photon Cannon  
  72  13:02  Photon Cannon, Zealot x4  
  72  13:05  Photon Cannon  
  72  13:08  Photon Cannon  
  71  13:10  Photon Cannon  
  71  13:11  Photon Cannon  
  71  13:26  Photon Cannon  
  71  13:28  Pylon  
  71  13:37  Assimilator  
  71  13:42  Assimilator  
  71  13:52  Pylon  
  71  14:00  Void Ray  
  75  14:13  Nexus  
  75  14:33  Void Ray  
  75  14:37  Void Ray  
  82  14:51  Void Ray  
  86  15:15  Nexus  
  85  15:59  Stalker  
  63  16:00  Stalker x2  
Tags
 
League
Silver
Matchup
Co-op
Replay Pack
Multiplayer
Add a new tag
Caveats
  • Supply blocks, unpowered buildings, or Contaminate may cause inaccurate times.
  • Supply counts are checked every 10 seconds.